 Dungeon Crawl Stone Soup version 0.31-a0-1529-g7bd419a0e5 (webtiles) character file.

Game seed: 1732741713483089923

1833 experimilk the Grappler (level 8, -4/70 HPs)
             Began as a Troll Gladiator on Dec 31, 2023.
             Slain by a steam dragon (5 damage)
             ... on level 6 of the Dungeon.
             The game lasted 00:08:54 (4729 turns).

experimilk the Grappler (Troll Gladiator)           Turns: 4729, Time: 00:08:55

Health: -4/70      AC:  6    Str: 25    XL:     8   Next: 86%
Magic:  7/7        EV: 10    Int:  4    God:
Gold:   290        SH:  0    Dex: 11    Spells: 7/7 levels left

rFire   . .          .
                       - Unarmed
rCold   + . .        (no shield)
rNeg    . . .        g - +0 robe
rPois   .            d - +2 hat
rElec   .            (no cloak)
rCorr   .            (gloves unavailable)
SInv    .            (boots unavailable)
Will    .....        (no amulet)
Stlth   +            b - ring of protection from cold
HPRegen 1.11/turn    (no ring)
MPRegen 0.10/turn

%: no passive effects
@: mighty
A: large, unfitting armour, claws 3, regeneration 1, shaggy fur 1, tough skin 1
a: no special abilities


You were on level 6 of the Dungeon.
You visited 1 branch of the dungeon, and saw 6 of its levels.

You collected 290 gold pieces.

Inventory:

Missiles
 a - 16 poisoned darts (quivered)
 q - 3 throwing nets
Armour
 d - a +2 hat (worn)
 g - a +0 robe (worn)
Jewellery
 b - a ring of protection from cold (left claw)
 c - an amulet of magic regeneration
 k - an amulet of faith
 p - a ring of resist corrosion
Wands
 e - a wand of iceblast (6)
Scrolls
 f - a scroll of amnesia
 h - a scroll of immolation
 i - 2 scrolls of enchant weapon
 n - a scroll of teleportation {unknown}
Potions
 l - a potion of attraction
 o - a potion of haste {unknown}


   Skills:
 - Level 1.5 Fighting
 * Level 6.2 Throwing
 - Level 2.4 Dodging
 - Level 10.0 Unarmed Combat


You had 7 spell levels left.
You didn't know any spells.
Your spell library contained the following spells:

 Spells                   Type           Power      Damage    Failure   Level
 Fugue of the Fallen      Necr           0%         N/A       86%         3
 Ozocubu's Armour         Ice            0%         N/A       86%         3
 Manifold Assault         Tloc           0%         N/A       99%         4
 Metabolic Englaciation   Hex/Ice        0%         N/A       100%        5
 Sculpt Simulacrum        Ice/Alch       0%         N/A       100%        6


Dungeon Overview and Level Annotations

Branches:
Dungeon (6/15)
 Temple: D:4-7

Altars:
Ashenzari
Xom


Innate Abilities, Weirdness & Mutations

You are too large for most types of armour.
You have claws for hands.
Your natural rate of healing is unusually fast.
You are covered in fur. (AC +1)
You have tough skin. (AC +1)


Message History

Unknown command.
Unknown command.
The steam dragon breathes steam at you. The ball of steam hits you!
You are engulfed in a cloud of scalding steam.
The steam dragon attacks as it pursues you!
The steam dragon bites you! The steam dragon closely misses you.
You are engulfed in a cloud of scalding steam.
* * * LOW HITPOINT WARNING * * *
You feel very mighty all of a sudden.
A white imp comes into view.
The steam dragon breathes steam at you. The ball of steam misses you.
You feel better.
You are engulfed in a cloud of scalding steam.
The steam dragon closely misses you. The steam dragon claws you.
The steam dragon breathes steam at you. The ball of steam hits you!
* * * LOW HITPOINT WARNING * * *
Okay, then.
An orc priest comes into view. It is wielding a +0 flail of draining.
The orc priest shouts!
You closely miss the steam dragon.
The steam dragon is severely wounded.
The steam dragon bites you.
* * * LOW HITPOINT WARNING * * *
The steam dragon barely misses you.
An orc comes into view. It is wielding a +0 hand axe.
The steam dragon bites you.
* * * LOW HITPOINT WARNING * * *
The steam dragon claws you.
* * * LOW HITPOINT WARNING * * *
The steam dragon bites you.
* * * LOW HITPOINT WARNING * * *
The steam dragon misses you. The white imp gestures at you.
The puff of frost hits you. You resist.
* * * LOW HITPOINT WARNING * * *
The steam dragon bites you.
You die...

...............
#.####.........[..
.....................
..##.##.#.##......###
.##
####.##.##.#.##..#.### #
... ...................#
# ..D.
...##.##.#.##.#### #
#... #.##.##.#....####
#..###..D@............
###.......D.##....######
.......#..#.......#
##............#..#
.....#.#(#)5##.#..# .###
#..............
#.#.#..##.#o.#.#
.......$.....o#..
....#.##..#. ...


You could see 2 steam dragons, an orc priest, a white imp and an orc.

Vanquished Creatures
  Sigmund (D:5)
  Menkaure (D:6)
  A black bear (D:5)
  2 ogres
  A centaur (D:5)
  A kobold brigand (D:5)
  6 scorpions
  A gnoll sergeant (D:3)
  A howler monkey (D:5)
  A hound (D:4)
  2 jellies
  3 orc priests
  A gnoll bouda (D:5)
  Terence (D:2)
  An iguana (D:4)
  5 orc wizards
  12 adders
  6 gnolls
  A shadow imp (D:6)
  A white imp (D:6)
  4 ufetubi
  19 orcs
  6 endoplasms
  4 giant cockroaches
  7 hobgoblins
  7 kobolds
  4 quokkas
  4 ball pythons
  12 bats
  5 goblins
  20 rats
141 creatures vanquished.

Notes
Turn   | Place    | Note
-------+----------+-------------------------------------------
     0 | D:1      | experimilk the Troll Gladiator began the quest for the Orb.
     0 | D:1      | Reached XP level 1. HP: 19/19 MP: 0/0
    64 | D:1      | Found a faded altar of an unknown god.
   251 | D:1      | Reached XP level 2. HP: 27/27 MP: 1/1
   711 | D:2      | Reached skill level 4 in Unarmed Combat
   722 | D:2      | Reached XP level 3. HP: 33/33 MP: 2/2
   732 | D:2      | Reached skill level 5 in Unarmed Combat
   732 | D:2      | Reached XP level 4. HP: 41/41 MP: 3/3
   907 | D:2      | Found a shimmering altar of Xom.
   950 | D:2      | Noticed Terence
   955 | D:2      | Killed Terence
   956 | D:2      | Reached XP level 5. HP: 45/48 MP: 4/4
  1377 | D:3      | Reached skill level 6 in Unarmed Combat
  1488 | D:3      | Found a broken altar of Ashenzari.
  1748 | D:3      | Reached XP level 6. HP: 55/55 MP: 5/5
  1885 | D:3      | Reached skill level 7 in Unarmed Combat
  2016 | D:4      | Reached skill level 8 in Unarmed Combat
  2033 | D:4      | Reached XP level 7. HP: 62/62 MP: 6/6
  2063 | D:4      | HP: 3/62 [poisoned by a scorpion]
  2269 | D:4      | Reached skill level 9 in Unarmed Combat
  2846 | D:4      | Found the +11 Singing Sword {sonic wave}
  2931 | D:5      | Entered Level 5 of the Dungeon
  2957 | D:5      | Identified the +8 dagger of the Dungeon {venom, rN+}
  3177 | D:5      | Reached XP level 8. HP: 34/70 MP: 7/7
  3354 | D:5      | Reached skill level 10 in Unarmed Combat
  3803 | D:5      | Noticed Sigmund
  3814 | D:5      | Killed Sigmund
  4063 | D:5      | Reached skill level 5 in Throwing
  4708 | D:6      | Noticed Menkaure
  4709 | D:6      | Killed Menkaure
  4729 | D:6      | HP: 1/70 [white imp/puff of frost (6)]
  4729 | D:6      | Slain by a steam dragon

Illustrated notes

Levels and vault maps discovered:
D:1:      dpeg_arrival_simpleton_a, layout_basic,
          hellmonk_ecumenical_altar_inner_sanctum, chequers_avenue
D:2:      layout_rooms, basic_altar, minmay_rat_hole, uniq_terence
D:3:      minmay_diamond_boxcup, layout_rooms, ashenzari_altar_1
D:4:      old_forge, layout_basic
D:5:      layout_basic, nicolae_titane, uniq_sigmund
D:6:      layout_basic, minmay_temple_entry_stoned_glass,
          kennysheep_pointless_box, uniq_menkaure

Skill      XL: |  1  2  3  4  5  6  7  8 |
---------------+-------------------------+-----
Unarmed Combat | 4 5 6 8 9 10 | 10.0
Throwing       | 6 |  6.2
Fighting       | |  1.5
Dodging        | |  2.4

Action                     |  1- 3 |  4- 6 |  7- 9 || total
---------------------------+-------+-------+-------++-------
  Melee: Unarmed           |    24 |   169 |   148 ||   341
         Punch             |       |     4 |     3 ||     7
  Throw: Dart              |     3 |    31 |    36 ||    70
         Large rock        |       |       |     4 ||     4
         Throwing net      |       |       |     1 ||     1
  Evoke: Wand              |       |       |     2 ||     2
    Use: Scroll            |       |     1 |     7 ||     8
         Potion            |       |       |     3 ||     3
   Stab: Sleeping          |       |     1 |       ||     1
 Armour: Robe              |    11 |   102 |   134 ||   247
  Dodge: Dodged            |     6 |    72 |    82 ||   160

Table legend: (Time is in decaauts)
 A = Elapsed time spent in this place.
 B = Non-inter-level travel time spent in this place.
 C = Inter-level travel time spent in this place.
 D = Time resting spent in this place.
 E = Time spent auto-exploring this place.
 F = Levels seen in this place.
 G = Mean time per level.
                   A        B        C        D        E       F      G
               +--------+--------+--------+--------+--------+-----+--------+
         Total |   4674 |   4528 |    146 |    798 |   2782 |   6 |  779.0 |
       Dungeon |   4674 |   4528 |    146 |    798 |   2782 |   6 |  779.0 |
               +--------+--------+--------+--------+--------+-----+--------+

Top non-repeatable levels by time:
     D:5: 1259 daAuts
     D:4: 1079 daAuts
     D:1: 701 daAuts
     D:3: 615 daAuts
     D:2: 614 daAuts
     D:6: 404 daAuts
